 Dungeon Sprint DCSS version 0.26-a0-690-gcb57259078 (webtiles) character file.

Game seed: 4363447991827484529

429321 Jannitor the Blood Saint (level 21, -7/204 HPs)
             Began as a Demonspawn Fighter on Oct 24, 2020.
             Was the Champion of Makhleb.
             Mangled by an azure jelly (10 damage)
             ... in the Dungeon (Sprint IX: "|||||||||||||||||||||||||||||").
             The game lasted 00:35:46 (14922 turns).

Jannitor the Blood Saint (Demonspawn Fighter)      Turns: 14922, Time: 00:35:46

Health: -7/204     AC:  0    Str: 16    XL:     21   Next: 25%
Magic:  0/38       EV: 18    Int: 12    God:    Makhleb [******]
Gold:   1274       SH: 26    Dex: 22    Spells: 20/20 levels left

rFire    + . .     SeeInvis .     - Unarmed
rCold    + + .     Faith    .   K - +0 tower shield
rNeg     + + +     Spirit   +   H - +4 gold dragon scales
rPois    +         Reflect  .   (helmet unavailable)
rElec    +         Harm     .   d - +0 cloak {MR+}
rCorr    .         Rampage  .   (gloves unavailable)
MR       ++...     NoTele   +   (boots unavailable)
Stlth    ..........             (no amulet)
HPRegen  0.44/turn              P - ring "Zempiguf" {rElec rPois Slay+3 Stlth+}
MPRegen  0.52/turn              Q - ring of Syndicalism {rN+++ AC+3 Str-4 Dex+5}

@: corroded
A: claws 3, hooves 3, horns 3, agile 1, blurry vision 2, cold resistance 1,
sense surroundings 1, weak 1, magic shield, magic regeneration, rot immunity,
MP-powered wands
}: 6/17 runes: decaying, serpentine, barnacled, elven, silver, gossamer
a: Minor Destruction, Lesser Servant of Makhleb, Major Destruction, Greater
Servant of Makhleb, Renounce Religion


You were in the Dungeon.
You worshipped Makhleb.
Makhleb was exalted by your worship.
You visited 1 branch You collected 1983 gold pieces.
You spent 709 gold pieces at shops.

Inventory:

Hand Weapons
 a - a +0 flail
Armour
 d - a +0 cloak of magic resistance (worn)
 g - a +0 hat of magic resistance
 H - +4 gold dragon scales (worn)
 K - a +0 tower shield (worn)
Jewellery
 i - an uncursed ring of wizardry
 m - a +6 ring of dexterity
 r - a +4 ring of protection
 A - an uncursed ring of see invisible
 D - an uncursed ring of fire
 P - the ring "Zempiguf" (left claw) {rElec rPois Slay+3 Stlth+}
   (You found it in the Dungeon)

   [ring of poison resistance]

   It affects your accuracy and damage with ranged weapons and melee attacks
   (+3).
   It insulates you from electricity.
   It protects you from poison.
   It makes you more stealthy.
 Q - the ring of Syndicalism (right claw) {rN+++ AC+3 Str-4 Dex+5}
   (You found it in the Dungeon)

   [ring of protection]

   It affects your AC (+3).
   It affects your strength (-4).
   It affects your dexterity (+5).
   It renders you almost immune to negative energy.
 S - the ring "Urilitibb" {rPois rC+ rN+}
   (You found it in the Dungeon)

   [ring of protection from cold]

   It protects you from cold.
   It protects you from poison.
   It protects you from negative energy.
 T - the ring of Zext {rPois rCorr Dex+3}
   (You found it in the Dungeon)

   [ring of resist corrosion]

   It affects your dexterity (+3).
   It protects you from poison.
   It provides partial protection from all sources of acid and corrosion.
Wands
 M - a wand of acid (6)
Scrolls
 c - 2 scrolls of holy word {unknown}
 j - 5 scrolls of blinking
 k - 7 scrolls of remove curse
 l - 2 scrolls of amnesia
 t - 7 scrolls of enchant weapon
 u - 3 scrolls of fog
 v - 2 scrolls of fear
 w - 6 scrolls of identify
 L - a scroll of enchant armour
 N - a scroll of magic mapping {unknown}
Potions
 e - 5 potions of curing
 f - 6 potions of haste
 h - 8 potions of magic
 o - a potion of might
 q - 2 potions of stabbing
 O - 2 potions of flight {unknown}
Miscellaneous
 s - a phial of floods
 x - a condenser vane (2/2)
 y - a lightning rod (4/4)


   Skills:
 O Level 27 Fighting
 - Level 3.2 Maces & Flails
 + Level 14.9 Throwing
 O Level 27 Armour
 O Level 27 Dodging
 + Level 16.1 Stealth
 O Level 27 Shields
 O Level 27 Unarmed Combat
 O Level 27 Invocations
 O Level 27 Evocations


You had 20 spell levels left.
You didn't know any spells.
Your spell library was empty.

Dungeon Overview and Level Annotations

Branches:
Dungeon (1/1)

Altars:
Cheibriados
Dithmenos
Elyvilon
Fedhas
Gozag
Hepliaklqana
Kikubaaqudgha
Makhleb
Nemelex Xobeh
Okawaru
Qazlal
Ru
Sif Muna
Trog
Uskayaw
Vehumet
Wu Jian
Xom
Yredelemnul
Zin
The Shining One
Beogh
Jiyva
Lugonu

Shops:
D }((*


Innate Abilities, Weirdness & Mutations

You have claws for hands.
You have hooves in place of feet.
You have a pair of large horns on your head.
When hurt, damage is shared between your health and your magic reserves.
You regenerate magic rapidly.
You are immune to rotting.
You are agile. (Dex +2)
Scrolls take you longer to read.
Your flesh is cold resistant. (rC+)
You passively map a small area around you.
You are weak. (Str -2)
You expend magic power (3 MP) to strengthen your wands.


Message History

You scratch the azure jelly but do no damage.
Your kick misses the azure jelly. You headbutt the azure jelly.
The azure jelly is almost dead.
The azure jelly hits you!
* * * LOW HITPOINT WARNING * * *
The azure jelly freezes you. You resist.
* * * LOW HITPOINT WARNING * * *
You block the azure jelly's attack. x2; The azure jelly hits you!
* * * LOW HITPOINT WARNING * * *
Really read with blurry vision while enemies are nearby? [Y]es or [N]o only, please.
Really read with blurry vision while enemies are nearby? [Y]es or [N]o only, please.
Really read with blurry vision while enemies are nearby?
Okay, then.
Unknown command.
You block the azure jelly's attack. x2; The azure jelly hits you!
* * * LOW HITPOINT WARNING * * *
The azure jelly hits you!
You die...

.▓.▓[▓.▓.▓.▓.▓.▓(▓,
* .▓.▓[▓.▓)▓.▓'▓.▓(▓
* .▓.▓[▓.▓.▓.▓.▓.▓)▓
* .▓.▓[▓.▓.▓.▓'▓.▓)▓
, ,
.▓.▓[▓.▓†▓.▓÷▓.▓(▓
,*
.▓.▓[▓.▓)▓.▓'▓.▓)▓ *
+▓.▓[▓.▓)▓.▓.▓.▓(▓
*,*
)▓.▓.▓.▓.▓.▓.▓.▓)▓
,*,
)▓.▓.▓.▓)▓.▓.▓.▓@▓
(▓.▓.▓)▓.▓.▓.▓.▓J▓ *
)▓.▓.▓.▓.▓.▓.▓.▓.▓ *
* *
)▓.▓.▓.▓.▓.▓.▓.▓.▓,*
,*
(▓.▓.▓.▓.▓.▓.▓.▓.▓
(▓.▓.▓.▓'▓.▓)▓.▓.▓ *
[▓.▓.▓.▓[▓.▓.▓.▓.▓ ,
, [▓.▓.▓.▓.▓.▓.▓.▓.▓
* ,
(▓.▓.▓.▓)▓.▓.▓.▓.▓ *
* *


You could see an azure jelly.

Vanquished Creatures
  the Royal Jelly (D)
  5 orbs of fire (D)
  7 ancient liches (D)
  Mennas (D)
  A juggernaut (D)
  Sojobo (D)
  Boris (D)
  Xtahua (D)
  Margery (D)
  2 curse toes (D)
  5 golden dragons (D)
  A bone dragon (D)
  2 electric golems (D)
  3 tentacled monstrosities (D)
  30 Orb Guardians (D)
  3 deep elf blademasters (D)
  9 acid blobs (D)
  4 quicksilver dragons (D)
  A lich (D)
  4 deep elf master archers (D)
  Frances (D)
  Agnes (D)
  3 death cobs (D)
  7 shadow dragons (D)
  2 thorn hunters (D)
  3 storm dragons (D)
  2 tengu reavers (D)
  6 nagarajas (D)
  A draconian monk (D)
  A fire giant (D)
  7 azure jellies (D)
  A draconian knight (D)
  A deep elf sorcerer (D)
  Ilsuiw (D)
  Aizul (D)
  A vault warden (D)
  3 draconian scorchers (D)
  A frost giant (D)
  7 emperor scorpions (D)
  Louise (D)
  2 ghost moths (D)
  2 draconian shifters (D)
  A draconian stormcaller (D)
  A draconian annihilator (D)
  2 ironheart preservers (D)
  A very ugly thing (D)
  4 stone giants (D)
  An entropy weaver (D)
  7 vampire knights (D)
  2 green draconians (D)
  A deep elf demonologist (D)
  3 black draconians (D)
  2 red draconians (D)
  2 deep elf annihilators (D)
  3 yellow draconians (D)
  2 purple draconians (D)
  2 white draconians (D)
  2 deep elf death magi (D)
  3 ettins (D)
  5 merfolk javelineers (D)
  8 death oozes (D)
  2 fire dragons (D)
  A deep elf high priest (D)
  25 vault guards (D)
  2 merfolk impalers (D)
  3 ogre magi (D)
  3 great orbs of eyes (D)
  6 hydras (D)
  A rakshasa (D)
  A ghost crab (D)
  7 ice dragons (D)
  3 yaktaur captains (D)
  3 boulder beetles (D)
  A naga warrior (D)
  2 merfolk avatars (D)
  An alligator (D)
  A merfolk aquamancer (D)
  2 deep troll earth magi (D)
  A naga sharpshooter (D)
  A deep troll shaman (D)
  Urug (D)
  6 hell knights (D)
  3 spriggan berserkers (D)
  An iron troll (D)
  A shadow wraith (D)
  2 sea snakes (D)
  A glowing orange brain (D)
  A skeletal warrior (D)
  4 deep trolls (D)
  2 unseen horrors (D)
  A flayed ghost (D)
  A wizard (D)
  A glowing orange brain (shapeshifter) (D)
  3 ironbrand convokers (D)
  6 swamp dragons (D)
  A naga ritualist (D)
  8 orc knights (D)
  A deep elf archer (D)
  2 wolf spiders (D)
  A necromancer (D)
  A deep elf mage (D)
  An orb spider (D)
  An ugly thing (D)
  A slime creature (D)
  A salamander (D)
  2 manticores (D)
  An elephant (D)
  13 moths of wrath (D)
  4 naga magi (D)
  2 vault sentinels (D)
  5 guardian serpents (D)
  A merfolk siren (D)
  2 cane toads (D)
  A water nymph (D)
  A black mamba (D)
  2 demonic crawlers (D)
  A freezing wraith (D)
  4 yaktaurs (D)
  3 trolls (D)
  A wind drake (D)
  A meliai (D)
  2 merfolk (D)
  A hornet (D)
  2 tyrant leeches (D)
  A bog body (D)
  3 blink frogs (D)
  11 spriggans (D)
  A tarantella (D)
  3 redbacks (D)
  2 wyverns (D)
  A wraith (D)
  A yak (D)
  A golden eye (D)
  A vampire mosquito (D)
  A warg (D)
  An acid dragon (D)
  4 water moccasins (D)
  A naga (D)
  3 swamp drakes (D)
  10 orc warriors (D)
  An eye of draining (D)
  A tengu (shapeshifter) (D)
  A boggart (shapeshifter) (D)
  2 centaurs (D)
  11 bullfrogs (D)
  7 orc priests (D)
  2 hounds (D)
  4 orc wizards (D)
  2 worker ants (D)
  A gnoll (D)
  An adder zombie (D)
  A dart slug (D)
  A leopard gecko (D)
  9 orcs (D)
  A bat (D)
  A bat zombie (D)
  A frilled lizard (D)
  A kobold (D)
  A rat (D)
  A crawling corpse (D)
452 creatures vanquished.

Vanquished Creatures (collateral kills)
  Saint Roka (D)
  Jory (D)
  Gastronok (D)
  Donald (D)
  2 stone giants (D)
  A boulder beetle (D)
  A centaur warrior (D)
  An ogre mage (D)
  A tengu warrior (D)
  An iron troll (D)
  A deep troll (D)
  An ugly thing (D)
  A cyclops (D)
  A black mamba (D)
  A blink frog (D)
  An orc (D)
17 creatures vanquished.

Vanquished Creatures (others)
  A spriggan (D)
  A cane toad (D)
  A hornet (D)
  2 briar patches (D)
  A crawling corpse (D)
6 creatures vanquished.

Grand Total: 475 creatures vanquished

Notes
Turn   | Place    | Note
-------+----------+-------------------------------------------
     0 | D        | Jannitor the Demonspawn Fighter began the quest for the
                  | Orb.
     0 | D        | Reached XP level 1. HP: 18/18 MP: 1/1
    23 | D        | Noticed a hound
    23 | D        | Noticed a centaur
    23 | D        | Noticed a worker ant
    29 | D        | Killed a hound
    29 | D        | Gained mutation: You have sharp fingernails. [demonic
                  | ancestry]
    29 | D        | Reached XP level 2. HP: 23/25 MP: 2/2
    29 | D        | Gained mutation: When hurt, damage is shared between your
                  | health and your magic reserves. [demonic ancestry]
    29 | D        | Reached XP level 3. HP: 28/30 MP: 3/3
    40 | D        | Killed a centaur
    40 | D        | Reached skill level 5 in Fighting
    40 | D        | Reached skill level 5 in Armour
    40 | D        | Reached skill level 5 in Shields
    40 | D        | Reached XP level 4. HP: 36/39 MP: 1/4
    41 | D        | Reached XP level 5. HP: 42/46 MP: 1/5
    52 | D        | Found a roughly hewn altar of Beogh.
    52 | D        | Found a snail-covered altar of Cheibriados.
    52 | D        | Found a shadowy altar of Dithmenos.
    52 | D        | Found a white marble altar of Elyvilon.
    52 | D        | Found a blossoming altar of Fedhas.
    52 | D        | Found an opulent altar of Gozag.
    53 | D        | Found a hazy altar of Hepliaklqana.
    54 | D        | Found a viscous altar of Jiyva.
    55 | D        | Found an ancient bone altar of Kikubaaqudgha.
    56 | D        | Found a corrupted altar of Lugonu.
    57 | D        | Found a burning altar of Makhleb.
    58 | D        | Found a sparkling altar of Nemelex Xobeh.
    59 | D        | Found an iron altar of Okawaru.
    60 | D        | Found a stormy altar of Qazlal.
    61 | D        | Found a sacrificial altar of Ru.
    62 | D        | Found a shimmering blue altar of Sif Muna.
    63 | D        | Found a bloodstained altar of Trog.
    64 | D        | Found a hide-covered altar of Uskayaw.
    65 | D        | Became a worshipper of Makhleb the Destroyer
    66 | D        | Found a radiant altar of Vehumet.
    67 | D        | Found an ornate altar of the Wu Jian Council.
    68 | D        | Found a shimmering altar of Xom.
    69 | D        | Found a basalt altar of Yredelemnul.
    70 | D        | Found a glowing silver altar of Zin.
    71 | D        | Found a glowing golden altar of the Shining One.
   114 | D        | Noticed a yak
   134 | D        | Reached * piety under Makhleb
   146 | D        | Gained mutation: You have a pair of small horns on your
                  | head. [demonic ancestry]
   146 | D        | Reached XP level 6. HP: 30/53 MP: 4/6
   162 | D        | Killed a yak
   162 | D        | Reached skill level 5 in Unarmed Combat
   167 | D        | Reached ** piety under Makhleb
   512 | D        | Noticed a meliai
   512 | D        | Noticed a cyan ugly thing
   514 | D        | Killed a meliai
   514 | D        | Reached XP level 7. HP: 63/63 MP: 5/7
   516 | D        | Killed an unseen horror
   516 | D        | Reached *** piety under Makhleb
   516 | D        | Gained mutation: You have large cloven feet. [demonic
                  | ancestry]
   516 | D        | Reached XP level 8. HP: 71/71 MP: 5/8
   524 | D        | Killed a cyan ugly thing
   524 | D        | Reached skill level 10 in Fighting
   756 | D        | Noticed a six-headed hydra
   756 | D        | Noticed a cane toad
   759 | D        | Reached skill level 1 in Invocations
  1153 | D        | Killed a six-headed hydra
  1153 | D        | Reached skill level 10 in Armour
  1153 | D        | Reached skill level 10 in Shields
  1153 | D        | Reached XP level 9. HP: 37/79 MP: 4/12
  1155 | D        | Reached **** piety under Makhleb
  1155 | D        | Reached skill level 5 in Invocations
  1210 | D        | Killed a cane toad
  1410 | D        | Reached ***** piety under Makhleb
  1620 | D        | Noticed a seven-headed hydra
  1620 | D        | Noticed an elephant
  1620 | D        | Noticed a cane toad
  1655 | D        | Killed a seven-headed hydra
  1655 | D        | Reached skill level 10 in Unarmed Combat
  1655 | D        | Gained mutation: You regenerate magic rapidly. [demonic
                  | ancestry]
  1655 | D        | Reached XP level 10. HP: 64/89 MP: 0/16
  1657 | D        | Killed an elephant
  1660 | D        | Killed a cane toad
  1726 | D        | Reached ****** piety under Makhleb
  1921 | D        | Noticed Gastronok
  1976 | D        | Killed Gastronok
  1976 | D        | Reached skill level 10 in Invocations
  2326 | D        | Noticed an orc knight
  2326 | D        | Noticed an orc knight
  2341 | D        | Killed an orc knight
  2341 | D        | Reached skill level 1 in Dodging
  2341 | D        | Gained mutation: You have hoof-like feet. [demonic
                  | ancestry]
  2341 | D        | Reached XP level 11. HP: 71/98 MP: 16/19
  2347 | D        | Killed an orc knight
  2854 | D        | Found Uvoil's Gadget Emporium.
  2854 | D        | Noticed a stone giant
  2854 | D        | Noticed an ogre mage
  2854 | D        | Noticed an ogre mage
  2854 | D        | Noticed a stone giant
  2854 | D        | Noticed a stone giant
  2854 | D        | Noticed an iron troll
  2866 | D        | Killed a stone giant
  2868 | D        | Killed an ogre mage
  2875 | D        | Killed a stone giant
  3014 | D        | Killed a stone giant
  3343 | D        | Killed an ogre mage
  3366 | D        | Killed an iron troll
  3407 | D        | Noticed a deep troll
  3416 | D        | Killed a deep troll
  3478 | D        | Found Horph's Antique Weapon Shoppe.
  3482 | D        | Found Suyh's Weapon Emporium.
  3484 | D        | Noticed a deep troll
  3485 | D        | Found Noach's Assorted Antiques.
  3485 | D        | Noticed an iron troll
  3486 | D        | Noticed a deep troll
  3489 | D        | Noticed a deep troll
  3493 | D        | Killed a deep troll
  3525 | D        | Killed an iron troll
  3525 | D        | Reached skill level 5 in Dodging
  3526 | D        | Killed a deep troll
  3527 | D        | Killed a deep troll
  3710 | D        | Bought a condenser vane (2/2) for 200 gold pieces
  3710 | D        | Bought a lightning rod (4/4) for 400 gold pieces
  3721 | D        | Bought a fizzy brown potion for 25 gold pieces
  3721 | D        | Bought a potion of curing for 84 gold pieces
  3893 | D        | Noticed a rakshasa
  3893 | D        | Noticed a boulder beetle
  3893 | D        | Noticed a white ugly thing
  3893 | D        | Noticed a skeletal warrior
  3900 | D        | Killed a rakshasa
  3900 | D        | Reached skill level 1 in Evocations
  3909 | D        | Killed a boulder beetle
  3909 | D        | Gained mutation: You have very sharp fingernails. [demonic
                  | ancestry]
  3909 | D        | Reached XP level 12. HP: 71/107 MP: 13/22
  4524 | D        | Noticed a great orb of eyes
  4546 | D        | Killed a great orb of eyes
  4632 | D        | Noticed a tengu warrior
  4632 | D        | Noticed a centaur warrior
  4633 | D        | Noticed an ettin
  4634 | D        | Noticed an ettin
  4642 | D        | Killed a tengu warrior
  4650 | D        | Killed a centaur warrior
  4660 | D        | Killed an ettin
  4683 | D        | Killed an ettin
  4952 | D        | Noticed Donald
  4961 | D        | Killed Donald
  5129 | D        | Noticed a boulder beetle
  5129 | D        | Reached skill level 5 in Evocations
  5139 | D        | Killed a boulder beetle
  5483 | D        | Reached skill level 15 in Fighting
  5905 | D        | Reached skill level 15 in Invocations
  6323 | D        | Gained mutation: You have a pair of horns on your head.
                  | [demonic ancestry]
  6323 | D        | Reached XP level 13. HP: 116/116 MP: 24/24
  6521 | D        | Noticed a thorn hunter
  6532 | D        | Noticed a thorn hunter
  6533 | D        | Killed a thorn hunter
  6541 | D        | Killed a thorn hunter
  6716 | D        | Noticed Urug
  6736 | D        | Killed Urug
  6908 | D        | Noticed a frost giant
  6908 | D        | Noticed a fire dragon
  6908 | D        | Noticed an ettin
  6914 | D        | Killed a frost giant
  6917 | D        | Killed a fire dragon
  6917 | D        | Killed an ettin
  6917 | D        | Reached skill level 15 in Shields
  6917 | D        | Noticed a golden dragon
  6920 | D        | Reached skill level 10 in Dodging
  6923 | D        | Noticed a stone giant
  6924 | D        | Reached skill level 15 in Armour
  6929 | D        | Noticed a stone giant
  6939 | D        | Killed a stone giant
  6943 | D        | Killed a golden dragon
  6946 | D        | Killed a stone giant
  7138 | D        | Reached XP level 14. HP: 105/126 MP: 26/26
  7234 | D        | Reached skill level 15 in Unarmed Combat
  7234 | D        | Reached skill level 10 in Evocations
  7241 | D        | Noticed a purple very ugly thing
  7253 | D        | Killed a purple very ugly thing
  7438 | D        | Noticed an ironheart preserver
  7455 | D        | Killed an ironheart preserver
  7490 | D        | Noticed an entropy weaver
  7524 | D        | Killed an entropy weaver
  7550 | D        | Noticed a stone giant
  7559 | D        | Killed a stone giant
  7878 | D        | Noticed Jory
  7900 | D        | Killed Jory
  8268 | D        | Noticed Aizul
  8291 | D        | Killed Aizul
  8656 | D        | Noticed Agnes
  8667 | D        | Killed Agnes
  8941 | D        | Noticed Saint Roka
  8960 | D        | Killed Saint Roka
  9185 | D        | Noticed Sojobo
  9186 | D        | Noticed a tengu reaver
  9186 | D        | Noticed a tengu reaver
  9192 | D        | Killed a tengu reaver
  9193 | D        | Killed a tengu reaver
  9203 | D        | Killed Sojobo
  9203 | D        | Gained mutation: You have claws for hands. [demonic
                  | ancestry]
  9203 | D        | Reached XP level 15. HP: 118/136 MP: 16/28
  9367 | D        | Got a decaying rune of Zot
  9374 | D        | Noticed a nagaraja
  9374 | D        | Noticed a nagaraja
  9377 | D        | Noticed a nagaraja
  9380 | D        | Killed a nagaraja
  9381 | D        | Noticed a nagaraja
  9388 | D        | Noticed a nagaraja
  9389 | D        | Killed a nagaraja
  9392 | D        | Noticed a nagaraja
  9401 | D        | Killed a nagaraja
  9405 | D        | Killed a nagaraja
  9407 | D        | Reached skill level 15 in Evocations
  9416 | D        | Killed a nagaraja
  9429 | D        | Killed a nagaraja
  9440 | D        | Got a serpentine rune of Zot
  9563 | D        | Killed a ghost moth
  9987 | D        | Got a gossamer rune of Zot
  9995 | D        | Noticed Ilsuiw
 10001 | D        | Killed Ilsuiw
 10017 | D        | Reached XP level 16. HP: 142/146 MP: 28/30
 10052 | D        | Got a barnacled rune of Zot
 10095 | D        | Noticed Louise
 10107 | D        | Killed Louise
 10347 | D        | Reached skill level 15 in Dodging
 10624 | D        | Noticed a shadow dragon
 10628 | D        | Noticed a shadow dragon
 10638 | D        | Noticed a storm dragon
 10655 | D        | Killed a shadow dragon
 10666 | D        | Killed a shadow dragon
 10675 | D        | Killed a storm dragon
 10852 | D        | Noticed a shadow dragon
 10852 | D        | Noticed a shadow dragon
 10853 | D        | Noticed an ancient lich
 10857 | D        | Noticed an ancient lich
 10873 | D        | Noticed a shadow dragon
 10876 | D        | Killed a shadow dragon
 10890 | D        | Killed an ancient lich
 10890 | D        | Killed a shadow dragon
 10890 | D        | Reached XP level 17. HP: 56/157 MP: 3/32
 10907 | D        | Killed an ancient lich
 10963 | D        | Got a silver rune of Zot
 11101 | D        | Noticed Xtahua
 11102 | D        | Paralysed by Xtahua for 3 turns
 11103 | D        | Noticed Boris
 11119 | D        | Killed Xtahua
 11126 | D        | Killed Boris
 11384 | D        | Got the ring "Zempiguf" {rElec rPois Slay+3 Stlth+}
 11388 | D        | Got the ring of Syndicalism {rN+++ AC+3 Str-4 Dex+5}
 11390 | D        | Got the amulet of Weov {Spirit rElec rC- Int+4 Dex+2}
 11392 | D        | Got the ring "Urilitibb" {rPois rC+ rN+}
 11394 | D        | Got the ring of Zext {rPois rCorr Dex+3}
 11498 | D        | Noticed Frances
 11508 | D        | Killed Frances
 11582 | D        | Noticed Mennas
 11626 | D        | Killed Mennas
 11933 | D        | Noticed Margery
 11952 | D        | Killed Margery
 12104 | D        | Noticed a quicksilver dragon
 12104 | D        | Noticed a lich
 12105 | D        | Noticed a juggernaut
 12111 | D        | Killed a lich
 12112 | D        | Killed a quicksilver dragon
 12117 | D        | Killed a juggernaut
 12338 | D        | Noticed a golden dragon
 12338 | D        | Noticed a bone dragon
 12338 | D        | Noticed a golden dragon
 12369 | D        | Killed a bone dragon
 12377 | D        | Killed a golden dragon
 12382 | D        | Killed a golden dragon
 12390 | D        | Reached XP level 18. HP: 169/169 MP: 21/34
 12631 | D        | Noticed a tentacled monstrosity
 12632 | D        | Noticed a curse toe
 12638 | D        | Killed a tentacled monstrosity
 12670 | D        | Killed a curse toe
 12688 | D        | Noticed a curse toe
 12716 | D        | Killed a curse toe
 12716 | D        | Reached skill level 27 in Invocations
 12965 | D        | Noticed a tentacled monstrosity
 12973 | D        | Killed a tentacled monstrosity
 13209 | D        | Noticed an Orb Guardian
 13209 | D        | Noticed an Orb Guardian
 13209 | D        | Noticed an Orb Guardian
 13209 | D        | Noticed an Orb Guardian
 13209 | D        | Noticed an Orb Guardian
 13209 | D        | Noticed an Orb Guardian
 13214 | D        | Killed an Orb Guardian
 13219 | D        | Killed an Orb Guardian
 13228 | D        | Killed an Orb Guardian
 13235 | D        | Killed an Orb Guardian
 13236 | D        | Noticed an Orb Guardian
 13239 | D        | Killed an Orb Guardian
 13247 | D        | Killed an Orb Guardian
 13256 | D        | Killed an Orb Guardian
 13256 | D        | Gained mutation: You are immune to rotting. [demonic
                  | ancestry]
 13256 | D        | Reached XP level 19. HP: 159/180 MP: 23/36
 13311 | D        | Reached skill level 27 in Evocations
 13376 | D        | Noticed an ancient lich
 13388 | D        | Killed an ancient lich
 13491 | D        | Noticed an orb of fire
 13491 | D        | Gained mutation: Scrolls take you a little longer to read.
                  | [an orb of fire]
 13501 | D        | Gained mutation: Scrolls take you longer to read. [an orb
                  | of fire]
 13506 | D        | Noticed an electric golem
 13506 | D        | Killed an orb of fire
 13517 | D        | Killed an electric golem
 13537 | D        | Noticed an orb of fire
 13537 | D        | Noticed a golden dragon
 13542 | D        | Noticed a golden dragon
 13546 | D        | Noticed an orb of fire
 13548 | D        | Gained mutation: Armour fits poorly on your strangely
                  | shaped body. [an orb of fire]
 13550 | D        | Killed an orb of fire
 13564 | D        | Gained mutation: You are weak. (Str -2) [an orb of fire]
 13566 | D        | Gained mutation: You are frail. (-10% HP) [an orb of fire]
 13580 | D        | Lost mutation: You are frail. (-10% HP) [an orb of fire]
 13582 | D        | Gained mutation: Scrolls take you much longer to read. [an
                  | orb of fire]
 13583 | D        | HP: 9/186 [orb of fire/bolt of fire (40)]
 13592 | D        | Killed an orb of fire
 13597 | D        | Killed a golden dragon
 13605 | D        | Killed a golden dragon
 13895 | D        | Lost mutation: Scrolls take you much longer to read.
                  | [potion of mutation]
 13895 | D        | Lost mutation: Armour fits poorly on your strangely shaped
                  | body. [potion of mutation]
 13895 | D        | Lost mutation: You are weak. (Str -2) [potion of mutation]
 13895 | D        | Gained mutation: You are agile. (Dex +2) [potion of
                  | mutation]
 13895 | D        | Gained mutation: You expend magic power (3 MP) to
                  | strengthen your wands. [potion of mutation]
 13895 | D        | Gained mutation: Your flesh is cold resistant. (rC+)
                  | [potion of mutation]
 13895 | D        | Gained mutation: You passively map a small area around you.
                  | [potion of mutation]
 13898 | D        | Noticed an orb of fire
 13900 | D        | Noticed an electric golem
 13900 | D        | Gained mutation: You are weak. (Str -2) [an orb of fire]
 13905 | D        | Noticed an orb of fire
 13917 | D        | Killed an orb of fire
 13918 | D        | Killed an electric golem
 13937 | D        | Killed an orb of fire
 13937 | D        | Gained mutation: You have a pair of large horns on your
                  | head. [demonic ancestry]
 13937 | D        | Reached XP level 20. HP: 78/196 MP: 7/37
 14303 | D        | Reached skill level 27 in Fighting
 14559 | D        | Noticed an ancient lich
 14559 | D        | Noticed an ancient lich
 14559 | D        | Noticed an ancient lich
 14570 | D        | Noticed an ancient lich
 14574 | D        | Killed an ancient lich
 14596 | D        | Killed an ancient lich
 14609 | D        | Killed an ancient lich
 14615 | D        | Killed an ancient lich
 14615 | D        | Reached skill level 27 in Armour
 14620 | D        | Reached skill level 27 in Shields
 14642 | D        | Reached skill level 27 in Unarmed Combat
 14727 | D        | Reached skill level 27 in Dodging
 14744 | D        | Reached skill level 5 in Throwing
 14744 | D        | Reached skill level 5 in Stealth
 14803 | D        | Got an elven rune of Zot
 14831 | D        | Reached skill level 10 in Stealth
 14831 | D        | Gained mutation: You have hooves in place of feet. [demonic
                  | ancestry]
 14831 | D        | Reached XP level 21. HP: 204/204 MP: 36/38
 14832 | D        | Reached skill level 10 in Throwing
 14843 | D        | Noticed the Royal Jelly
 14884 | D        | Killed the Royal Jelly
 14884 | D        | Reached skill level 15 in Stealth
 14919 | D        | HP: 8/204 [azure jelly (10)]
 14922 | D        | HP: 3/204 [azure jelly (6)]
 14922 | D        | Mangled by an azure jelly

Illustrated notes

Levels and vault maps discovered:
D:        linesprint [early_d, line_temple, items_1, d_10, items_2, lair_1,
          lair_end, items_3, orc_1, orc_end, items_4, d_15, swamp_1, shoals_1,
          snake_1, spider_1, d_20, vaults_1, items_5, swamp_end, shoals_end,
          snake_end, spider_end, vaults_end, d_27, items_6, zot_1, zot_end,
          crypt_end, forest_end, elf_end, slime_end, tomb_end, abyss_end,
          pan_hell_end]

Skill      XL: |  1  2  3  4  5  6  7  8  9 10 11 12 13 14 15 16 17 18 19 20 21 |
---------------+----------------------------------------------------------------+-----
Maces & Flails | 3 |  3.2
Armour         | 3 5 6 7 8 10 12 13 14 15 16 18 19 20 22 25 27 | 27.0
Shields        | 3 5 6 7 8 10 12 13 14 15 16 18 19 20 22 25 27 | 27.0
Fighting       | 4 5 6 8 9 10 11 13 14 15 16 17 19 20 22 24 26 27 | 27.0
Unarmed Combat | 2 3 4 6 7 9 10 11 12 13 14 16 17 19 20 22 24 27 | 27.0
Invocations    | 4 8 11 13 15 17 19 21 23 25 27 | 27.0
Dodging        | 1 5 8 10 12 14 16 18 20 23 27 | 27.0
Evocations     | 2 6 9 13 17 20 23 26 27 | 27.0
Throwing       | 9 14 | 14.9
Stealth        | 10 16 | 16.1

Action                   |  1- 3 |  4- 6 |  7- 9 | 10-12 | 13-15 | 16-18 | 19-21 || total
-------------------------+-------+-------+-------+-------+-------+-------+-------++-------
Melee: Flail             |    28 |    30 |       |       |       |       |       ||    58
       Unarmed           |       |    26 |    58 |   273 |   358 |   576 |   441 ||  1732
       Headbutt          |       |     8 |     8 |    69 |    93 |   173 |   107 ||   458
       Kick              |       |       |    19 |   104 |   156 |   214 |   176 ||   669
Invok: Lesser Servant of |       |       |     2 |    18 |       |       |       ||    20
       Major Destruction |       |       |     3 |    29 |       |     3 |     2 ||    37
       Minor Destruction |       |       |     2 |     4 |       |       |       ||     6
       Greater Servant o |       |       |       |     9 |     9 |     6 |     4 ||    28
Evoke: Wand              |       |     1 |     7 |       |     2 |       |       ||    10
       Condenser vane    |       |       |       |     4 |    14 |    14 |     6 ||    38
       Lightning rod     |       |       |       |       |    43 |    14 |     4 ||    61
  Use: Potion            |     2 |     1 |     5 |     8 |    10 |     5 |    13 ||    44
       Scroll            |       |       |       |       |     4 |       |       ||     4
 Stab: Distracted        |       |       |     1 |       |     1 |       |       ||     2
Armor: Scale mail        |    11 |     2 |       |       |       |       |       ||    13
       Chain mail        |       |    26 |    45 |    28 |       |       |       ||    99
       Plate armour      |       |       |       |    34 |    45 |       |       ||    79
       Gold dragon scale |       |       |       |       |   133 |   172 |    74 ||   379
Dodge: Dodged            |    10 |     9 |    18 |    59 |   108 |    61 |    61 ||   326
Block: Kite shield       |    10 |    23 |    55 |   144 |   218 |    25 |       ||   475
       Tower shield      |       |       |       |       |       |   291 |   223 ||   514

Table legend: (Time is in decaauts) A = Elapsed time spent in this place. B = Non-inter-level travel time spent in this place. C = Inter-level travel time spent in this place. D = Time resting spent in this place. E = Time spent auto-exploring this place. F = Levels seen in this place. G = Mean time per level. A B C D E F G +--------+--------+--------+--------+--------+-----+--------+ Total | 14357 | 14312 | 45 | 7811 | 3085 | 1 | 14357.0 | Dungeon | 14357 | 14312 | 45 | 7811 | 3085 | 1 | 14357.0 | +--------+--------+--------+--------+--------+-----+--------+

Top non-repeatable levels by time:
       D: 14357 daAuts
